 Dungeon Crawl Stone Soup version 0.30-a0-743-gbfdf073431 (webtiles) character file.

Game seed: 3967525564904942720

45 Chaicat the Covered (level 3, 0/33 HPs)
             Began as a Minotaur Fighter on Feb 6, 2023.
             Slain by a gnoll
             ... wielding a +0 spear
              (2 damage)
             ... on level 3 of the Dungeon.
             The game lasted 00:02:45 (740 turns).

Chaicat the Covered (Minotaur Fighter)               Turns: 740, Time: 00:02:45

Health: 0/33       AC:  7    Str: 22    XL:     3   Next: 42%
Magic:  0/0        EV:  6    Int: 10    God:
Gold:   59         SH: 12    Dex: 12    Spells: 2/2 levels left

rFire   . . .      SeeInvis .    k - +2 mace "Guvaar" {antimagic, Int+5 Dex+3}
rCold   . . .      Faith    .    m - +0 tower shield
rNeg    . . .      Spirit   .    b - +0 scale mail
rPois   .          Reflect  .    (helmet restricted)
rElec   .          Harm     .    (no cloak)
rCorr   .          Rampage  .    (no gloves)
Will    .....                    (no boots) Stlth
                                 c - amulet of the acrobat
HPRegen 0.25/turn                (no ring)
MPRegen 0.07/turn                (no ring)

@: mighty
A: horns 2, retaliatory headbutt
a: no special abilities


You were on level 3 of the Dungeon.
You visited 1 branch of the dungeon, and saw 3 of its levels.

You collected 59 gold pieces.

Inventory:

Hand Weapons
 a - a +0 war axe
 k - the +2 mace "Guvaar" (weapon) {antimagic, Int+5 Dex+3}
   (You found it on level 2 of the Dungeon)

   Int:       It affects your intelligence (+5).
   Dex:       It affects your dexterity (+3).
Armour
 b - a +0 scale mail (worn)
 m - a +0 tower shield (worn)
Jewellery
 c - an amulet of the acrobat (around neck)
Scrolls
 g - a scroll of fog {unknown}
 j - a scroll of identify {unknown}
Potions
 d - a potion of might
 e - 2 potions of heal wounds {unknown}
 f - a potion of mutation {unknown}
 h - a potion of haste {unknown}
 i - a potion of brilliance {unknown}
 l - 2 potions of magic {unknown}


   Skills:
 * Level 4.2 Fighting
 + Level 3.0 Axes
 + Level 0.2(1.8) Maces & Flails
 * Level 4.2 Armour
 * Level 4.1 Shields


You had 2 spell levels left.
You didn't know any spells.
Your spell library contained the following spells:

 Spells                   Type           Power      Damage    Failure   Level
 Kindle Blastsparks       Fire/Tloc/Air  0%         2d10      100%        3
 Fulminant Prism          Conj/Hex       0%         3d5       100%        4
 Iskenderun's Mystic Bla  Conj/Tloc      0%         2d3       100%        4
 Lee's Rapid Deconstruct  Erth           0%         3d4*      100%        5


Dungeon Overview and Level Annotations

Branches:
Dungeon (3/15)

Altars:
Cheibriados

Shops:
D:2 :


Innate Abilities, Weirdness & Mutations

You have a pair of horns on your head.
You reflexively headbutt those who attack you in melee.


Message History

You are too injured to fight recklessly!
You are too injured to fight recklessly!
You are too injured to fight recklessly!
You are too injured to fight recklessly!
You are too injured to fight recklessly!
You are too injured to fight recklessly!
You miss the kobold.
The kobold is severely wounded.
The kobold hits you but does no damage. You block the gnoll's attack.
The gnoll hits you but does no damage.
You closely miss the kobold.
The kobold is severely wounded.
The kobold hits you but does no damage. The gnoll closely misses you.
You block the gnoll's attack. The kobold barely misses you.
You block the gnoll's attack.
The gnoll hits you from afar with a +0 spear!
* * * LOW HITPOINT WARNING * * *
You barely miss the kobold. You headbutt the kobold.
You kill the kobold!
You block the gnoll's attack. x2; The gnoll barely misses you.
The gnoll completely misses you.
You feel very mighty all of a sudden.
The gnoll hits you from afar with a +0 spear.
* * * LOW HITPOINT WARNING * * *
The gnoll hits you from afar with a +0 spear.
* * * LOW HITPOINT WARNING * * *
You block the gnoll's attack. x2
There is an open door, spattered with blood here.
Things that are here:
a +0 club; a kobold corpse You completely miss the gnoll.
The gnoll hits you but does no damage. x4
You hit the gnoll. You headbutt the gnoll.
The gnoll is almost dead.
You block the gnoll's attack. The gnoll hits you but does no damage.
You thump the gnoll!
You kill the gnoll!
You block the gnoll's attack. The gnoll completely misses you.
You barely miss the gnoll. You block the gnoll's attack.
The gnoll hits you with a +0 spear.
You die...

######## #####
#......## #.....
#.......###......
#+##........#.......
#..(........#g......
#...........@)......
#(..........#(......
#+##........#.......
#.......###......
#......## #.....
######## #####


You could see a gnoll.

Vanquished Creatures
  A gnoll (D:3)
  A worm (D:2)
  A dart slug (D:2)
  4 bats (D:2)
  2 endoplasms
  A giant cockroach (D:2)
  3 goblins
  2 hobgoblins
  6 kobolds
  2 quokkas (D:2)
  2 ball pythons (D:2)
  3 frilled lizards
  2 rats (D:2)
30 creatures vanquished.

Notes
Turn   | Place    | Note
-------+----------+-------------------------------------------
     0 | D:1      | Chaicat the Minotaur Fighter began the quest for the Orb.
     0 | D:1      | Reached XP level 1. HP: 19/19 MP: 0/0
   152 | D:1      | You fall into a shaft and drop 1 floor!
   174 | D:2      | Reached XP level 2. HP: 27/27 MP: 1/1
   253 | D:2      | Found a snail-covered altar of Cheibriados.
   287 | D:2      | Identified the +2 mace "Guvaar" {antimagic, Int+5 Dex+3}
   315 | D:2      | Found Esinat's Book Shoppe.
   580 | D:2      | Reached XP level 3. HP: 30/33 MP: 0/2
   735 | D:3      | HP: 1/33 [gnoll/+0 spear (4)]
   740 | D:3      | Slain by a gnoll

Illustrated notes

Levels and vault maps discovered:
D:1:      saegor_arrival_under_anarchy, layout_basic
D:2:      layout_rooms, serial_shops, nicolae_shop_behind_doors, basic_altar
D:3:      minmay_goblin_kobold_castle, layout_basic

Skill      XL: |  1  2  3 |
---------------+----------+-----
Fighting       | 4 |  4.2
Armour         | 4 |  4.2
Shields        | 4 |  4.1
Axes           | 3 |  3.0
Maces & Flails | |  0.2

Action                     || total
---------------------------++-------
  Melee: War axe           ||    25
         Headbutt          ||     6
         Mace              ||    33
    Use: Potion            ||     1
 Armour: Scale mail        ||    44
  Dodge: Dodged            ||    32
  Block: Buckler           ||     4
         Tower shield      ||    41

Table legend: (Time is in decaauts)
 A = Elapsed time spent in this place.
 B = Non-inter-level travel time spent in this place.
 C = Inter-level travel time spent in this place.
 D = Time resting spent in this place.
 E = Time spent auto-exploring this place.
 F = Levels seen in this place.
 G = Mean time per level.
                   A        B        C        D        E       F      G
               +--------+--------+--------+--------+--------+-----+--------+
         Total |    771 |    733 |     38 |      0 |    478 |   3 |  257.0 |
       Dungeon |    771 |    733 |     38 |      0 |    478 |   3 |  257.0 |
               +--------+--------+--------+--------+--------+-----+--------+

Top non-repeatable levels by time:
     D:2: 570 daAuts
     D:1: 155 daAuts
     D:3: 45 daAuts
